 Dungeon Crawl Stone Soup version 0.20-a0-1122-gb7cbeb9 (webtiles) character file.

6738 nikopol the Fighter (level 11, -4/72 HPs)
             Began as a Gargoyle Berserker on May 13, 2017.
             Was a High Priest of Trog.
             Splashed by a jelly's acid (9 damage)
             ... on level 9 of the Dungeon on May 14, 2017.
             The game lasted 00:18:53 (9586 turns).

nikopol the Fighter (Gargoyle Berserker)            Turns: 9586, Time: 00:18:53

Health: -4/72      AC: -12   Str: 21    XL:     11   Next: 4%
Magic:  11/11      EV: 13    Int:  8    God:    Trog [*****.]
Gold:   590        SH:  0    Dex: 12    Spells: 10/10 levels left

rFire    + . .     SeeInvis .   a - +1 war axe
rCold    + . .     Gourm    .   (no shield)
rNeg     + . .     Faith    .   B - +0 scale mail
rPois    ∞         Spirit   .   (no helmet)
rElec    +         Reflect  .   (no cloak)
rCorr    .         Harm     .   (no gloves)
MR       .....                  (no boots)
Stlth    ..........             (no amulet)
Regen    0.3/turn               y - ring of protection from fire
MPRegen  0.2/turn               t - ring of protection from cold

@: corroded
A: negative energy resistance 1, electricity resistance, unbreathing,
petrification resistance, rot immunity, AC +7
a: Berserk, Trog's Hand, Brothers in Arms, Burn Spellbooks, Renounce Religion


You were on level 9 of the Dungeon.
You worshipped Trog.
Trog was extremely pleased with you.
You were not hungry.

You visited 1 branch of the dungeon, and saw 9 of its levels.
You also visited: Sewer.

You collected 590 gold pieces.

Inventory:

Hand Weapons
 a - a +1 war axe (weapon)
 C - a +0 hand axe
Missiles
 p - 75 arrows (quivered)
Armour
 b - a +0 animal skin
 e - a +0 leather armour
 w - a +0 ring mail
 B - a +0 scale mail (worn)
Jewellery
 d - an uncursed ring of stealth
 t - a ring of protection from cold (right hand)
 y - a ring of protection from fire (left hand)
Wands
 K - a wand of polymorph (10/24)
Scrolls
 i - a scroll of torment {unknown}
 k - 7 scrolls of identify {unknown}
 l - a scroll of noise {unknown}
 q - 2 scrolls of blinking {unknown}
 r - 5 scrolls of recharging {unknown}
 s - 6 scrolls of remove curse
 z - 3 scrolls of random uselessness {unknown}
 D - 4 scrolls of teleportation {unknown}
 E - a scroll of brand weapon {unknown}
 F - 2 scrolls of enchant weapon
 G - a scroll of fog {unknown}
 H - 2 scrolls of enchant armour {unknown}
Potions
 g - 3 potions of heal wounds {unknown}
 h - 4 potions of might {unknown}
 j - 6 potions of curing {unknown}
 m - 3 potions of haste {unknown}
 n - a potion of magic {unknown}
 o - a potion of cancellation {unknown}
 v - 2 potions of mutation {unknown}
 x - 5 potions of brilliance {unknown}
 A - 3 potions of flight {unknown}
 J - a potion of berserk rage {unknown}
Comestibles
 c - 7 bread rations
 f - 3 royal jellies
 u - a fruit


   Skills:
 + Level 9.9 Fighting
 + Level 7.8 Axes
 + Level 9.3 Armour
 + Level 7.2 Dodging


You had 10 spell levels left.
You didn't know any spells.

Dungeon Overview and Level Annotations

Branches:
Dungeon (9/15)             Temple (0/1) D:7
   Lair: D:8-11         Orc: D:9-12

Altars:
Dithmenos
Elyvilon
Fedhas
Gozag
Hepliaklqana
Qazlal
Sif Muna
Uskayaw
Wu Jian
Xom
Yredelemnul
Zin
Jiyva


Innate Abilities, Weirdness & Mutations

You are resistant to torment.
Your stone body is resilient. (AC +7)
You are immune to poison.
You resist negative energy. (rN+)
You are resistant to electric shocks. (rElec)
You can survive without breathing.
You are immune to petrification.
You are immune to rotting.


Message History

The jelly hits you. The acid corrodes you!
You are splashed with acid!
The acid burns!
You hit the jelly but do no damage.
Your hands burn!
* * * LOW HITPOINT WARNING * * *
The jelly is severely wounded.
The jelly hits you.
* * * LOW HITPOINT WARNING * * *
The acid corrodes you!
You are splashed with acid!
The acid burns!
* * * LOW HITPOINT WARNING * * *
You hit the jelly but do no damage. The acid corrodes you!
Your hands burn!
* * * LOW HITPOINT WARNING * * *
The jelly is severely wounded.
The jelly closely misses you. The jelly completely misses you.
You hit the jelly but do no damage. The acid corrodes you!
Your hands burn!
* * * LOW HITPOINT WARNING * * *
The jelly is severely wounded.
The jelly hits you.
* * * LOW HITPOINT WARNING * * *
The acid corrodes you!
You are splashed with acid!
The acid burns!
You die...

### #.# ....
#.#.###.##..##.# #..
..#.#(.........# #.#
#.#.#.#.($...# #.#
#.#.#.#..#...# #.#
#.#.#....#...# #.#
#.#.#....#y.y#
#.#####.#.#J#..#...#
####.#.....#.#@#..#y..#
#.............†#.##..y#
#.###......#......#.y.#
#.# #......#..(#..# #.#
#......#...#..# #.#
#.####.#...#[.# ###.#
#.# #.#...# .# ....#
#.# #.#...# # ##### #.#
#.#...#


You could see a jelly.

Vanquished Creatures
  Erica (D:9)
  2 two-headed ogres
  Psyche (D:8)
  A troll (D:9)
  Sigmund (D:2)
  A spriggan (D:7)
  A wyvern (D:9)
  Menkaure (D:5)
  2 orc warriors
  7 phantoms
  A sky beast (D:6)
  A black bear (D:5)
  4 ogres
  A big kobold (Sewer)
  2 bullfrogs (D:6)
  Blork the orc (D:6)
  A scorpion (D:7)
  A water moccasin skeleton (D:4)
  9 killer bees
  5 wights (D:8)
  6 jellies
  4 crimson imps
  A bullfrog zombie (D:7)
  9 orc priests
  2 centaur skeletons
  10 orc wizards
  2 hounds
  3 bullfrog skeletons
  2 iguanas
  4 worker ants
  A hound zombie (D:6)
  A hound skeleton (D:4)
  Robin (D:2)
  3 gnolls (D:4)
  A worker ant zombie (D:8)
  4 adders
  An ooze (Sewer)
  2 adder skeletons (D:5)
  2 dart slugs
  5 leopard geckos
  33 orcs
  10 giant cockroaches
  2 gnoll zombies (D:8)
  15 goblins
  11 hobgoblins
  10 jackals
  3 quokkas
  6 ball pythons
  6 bats
  2 frilled lizards
  16 kobolds
  A leopard gecko zombie (D:5)
  2 quokka skeletons
  6 rats
231 creatures vanquished.

Vanquished Creatures (others)
  A goblin (D:2)
  A kobold (D:3)
2 creatures vanquished.

Grand Total: 233 creatures vanquished

Notes
Turn   | Place    | Note
-------+----------+-------------------------------------------
     0 | D:1      | nikopol the Gargoyle Berserker began the quest for the Orb.
     0 | D:1      | Reached XP level 1. HP: 14/14 MP: 1/1
   156 | D:1      | Reached XP level 2. HP: 19/19 MP: 2/2
   773 | D:2      | Found a white marble altar of Elyvilon.
   785 | D:2      | Reached XP level 3. HP: 23/24 MP: 3/3
   886 | D:2      | Noticed Sigmund
   900 | D:2      | Killed Sigmund
   900 | D:2      | Reached XP level 4. HP: 24/30 MP: 4/4
   900 | D:2      | Reached XP level 5. HP: 28/34 MP: 5/5
  1103 | D:2      | Reached ** piety under Trog
  1411 | D:2      | Noticed Robin
  1446 | D:2      | Killed Robin
  1446 | D:2      | Reached XP level 6. HP: 15/39 MP: 6/6
  1910 | D:3      | Found a hide-covered altar of Uskayaw.
  1966 | D:3      | Found an opulent altar of Gozag.
  2192 | D:3      | Found a stormy altar of Qazlal.
  2289 | D:3      | Found an ornate altar of the Wu Jian Council.
  2373 | D:3      | Found a shadowy altar of Dithmenos.
  2635 | D:4      | Found a deep blue altar of Sif Muna.
  2636 | D:4      | Found a hazy altar of Hepliaklqana.
  2726 | D:4      | Reached skill level 5 in Fighting
  2820 | D:4      | Reached XP level 7. HP: 44/44 MP: 7/7
  2823 | D:4      | Reached *** piety under Trog
  3620 | D:4      | Reached skill level 5 in Armour
  3860 | D:4      | Reached XP level 8. HP: 29/51 MP: 8/8
  4350 | D:5      | Entered Level 5 of the Dungeon
  4407 | D:5      | Found a glowing drain.
  4439 | Sewer    | Entered a sewer
  4729 | Sewer    | Reached **** piety under Trog
  4827 | Sewer    | Reached skill level 5 in Axes
  5274 | D:5      | Noticed Menkaure
  5282 | D:5      | Killed Menkaure
  5502 | D:5      | Found a shimmering altar of Xom.
  5761 | D:6      | Reached XP level 9. HP: 57/57 MP: 9/9
  6040 | D:6      | Reached skill level 5 in Dodging
  6372 | D:6      | Noticed Blork the orc
  6387 | D:6      | Killed Blork the orc
  7073 | D:7      | Found a glowing silver altar of Zin.
  7074 | D:7      | Found an opulent altar of Gozag.
  7189 | D:7      | Found a staircase to the Ecumenical Temple.
  7205 | D:7      | Found a blossoming altar of Fedhas.
  7744 | D:7      | Reached ***** piety under Trog
  7842 | D:8      | Noticed Psyche
  7851 | D:8      | Killed Psyche
  7851 | D:8      | Reached XP level 10. HP: 65/65 MP: 10/10
  7927 | D:8      | Noticed a two-headed ogre
  7933 | D:8      | Killed a two-headed ogre
  8284 | D:8      | Received a gift from Trog
  8417 | D:8      | Found a basalt altar of Yredelemnul.
  8567 | D:8      | Found a blossoming altar of Fedhas.
  8567 | D:8      | Found a shimmering altar of Xom.
  8795 | D:9      | Noticed a two-headed ogre
  8805 | D:9      | Killed a two-headed ogre
  9138 | D:9      | Found a viscous altar of Jiyva.
  9205 | D:9      | Noticed Erica
  9213 | D:9      | Killed Erica
  9432 | D:9      | Reached XP level 11. HP: 53/72 MP: 11/11
  9586 | D:9      | Splashed by a jelly's acid

Vault maps used:
D:1:      lemuel_arrival_broad_hall
D:2:      elyvilon_altar_5, uniq_sigmund, uniq_robin
D:3:      marbit_many_paths, eat_drink_and_be_merry_uskayaw,
          nicolae_qazlal_eye_of_the_storm, old_standard_altar,
          grunt_gozag_breadcrumbs
D:4:      grunt_temple_overflow_open
D:5:      portal_sewer_entry_f, first_bread, xom_teletrap_fun, uniq_menkaure
D:6:      hangedman_decor_clover_reticule, uniq_blork_the_orc
D:7:      grunt_temple_overflow_gold_and_silver, minmay_temple_entry_grid,
          basic_altar, the_bakery
D:8:      lemuel_zombie_altar_yredelemnul, gammafunk_temple_overflow_elements,
          kennysheep_decorative_pillar, uniq_erica, uniq_psyche
D:9:      kiku_gazebo_garden_becter, jiyva_altar_1, uniq_joseph
Sewer:    kennysheep_pipe_town

Skill      XL: |  1  2  3  4  5  6  7  8  9 10 |
---------------+-------------------------------+-----
Fighting       | 4 5 6 7 8 9 |  9.9
Axes           | 3 4 5 6 7 |  7.8
Armour         | 3 4 5 6 7 9 |  9.3
Dodging        | 2 3 4 6 7 |  7.2

Action                   |  1- 3 |  4- 6 |  7- 9 | 10-12 || total
-------------------------+-------+-------+-------+-------++-------
Melee: Hand axe          |    76 |   119 |       |       ||   195
       War axe           |       |    48 |   473 |   209 ||   730
Invok: Berserk           |     1 |     2 |     7 |     4 ||    14
       Burn Spellbooks   |       |     1 |       |       ||     1
       Trog's Hand       |       |     1 |       |       ||     1
  Use: Scroll            |       |       |     4 |       ||     4
 Stab: Sleeping          |       |     3 |       |       ||     3
  Eat: Chunk             |       |     9 |    21 |     6 ||    36
       Fruit             |       |       |     2 |       ||     2
       Meat ration       |       |       |       |     1 ||     1
Armor: Animal skin       |    37 |       |       |       ||    37
       Leather armour    |     2 |    87 |   111 |       ||   200
       Scale mail        |       |       |    85 |   119 ||   204
Dodge: Dodged            |    38 |   112 |   343 |   218 ||   711
